AoeStats
← ignacio.geli

Runestones

508267536Analyzed
1v1 RM · 12d ago on Sep 21, 2026· 48m 39s· 2 players
Game mode
Random Map
Map size
Tiny (2 player)
Population
200
Speed
Normal
Resources
Standard
Victory
Conquest
Starting age
Dark Age
Ending age
Imperial Age
RankedLock teamsTeams togetherTeam positionsShared explorationLock speedFull tech treeHidden civsTurbo modeCheats
Victory
Defeat
🇦🇷 Persians · Argentina
788
+15
🇦🇷 Mongols · Argentina
773
-15
Franquitoo
6:00 Loom
24:38 Feudal Age
24:56 Man-at-Arms
ignacio.geli
16:48 Feudal Age
15:04 Loom
17:08 Double-Bit Axe
21:20 Horse Collar
22:58 Man-at-Arms
25:28 Scale Mail Armor
26:20 Forging
27:38 Arson
31:41 Bloodlines
32:38 Wheelbarrow
31:50 Town Watch
35:45 Castle Age
34:09 Scale Barding Armor
35:37 Long Swordsman
36:02 Gambesons
36:18 Squires
36:52 Husbandry
36:58 Gold Mining
37:18 Bow Saw
37:10 Heavy Plow
38:03 Light Cavalry
39:15 Hand Cart
41:19 Iron Casting
44:47 Chain Barding Armor
44:43 Chain Mail Armor
44:20 Fletching
47:02 Town Patrol
47:41 Bodkin Arrow
Connection lost

Rejoining the realm…

Still unreachable

The connection could not be restored.

Session expired

The server has moved on; the page needs a fresh start.